 Dungeon Crawl Stone Soup version 0.30-a0-715-gdb4ae3ece1 (webtiles) character file.

Game seed: 11136047818366970061

58986 tilp the Carver (level 15, -17/132 HPs)
             Began as a Meteoran Fighter on Jan 23, 2023.
             Was a Priest of Okawaru.
             Killed from afar by a will-o-the-wisp (20 damage)
             ... with a foxfire
             ... on level 2 of the Swamp.
             The game lasted 00:46:52 (8962 turns).

tilp the Carver (Meteoran Fighter)                  Turns: 8962, Time: 00:46:52

Health: -17/132    AC: 25    Str: 24    XL:     15   Next: 77%
Magic:  25/25      EV: 22    Int:  9    God:    Okawaru [***...]
Gold:   2122       SH: 15    Dex: 28    Spells: 14/14 levels left

rFire   . . .      SeeInvis +    b - +1 eveningstar (flame)
rCold   . . .      Faith    .    T - +0 kite shield
rNeg    . . .      Spirit   .    H - +1 chain mail {rPois}
rPois   +          Reflect  .    m - +1 helmet
rElec   .          Harm     .    r - +1 cloak
rCorr   .          Rampage  .    A - +2 pair of gloves of the Uplifting Gods {+Blink Will++ Int-2 Dex+8}
Will    +++..                    D - +1 pair of boots
Stlth   +                        (no amulet)
HPRegen 0.42/turn                x - ring of the Madman {Str+5 SInv}
MPRegen 0.19/turn                V - ring of flight

@: heroic, flying, glowing
A: sense surroundings 2, otherworldly, glowing, explore regen
a: Renounce Religion, Evoke Blink, Heroism


You were on level 2 of the Swamp.
You worshipped Okawaru.
Okawaru was most pleased with you.
You visited 4 branches of the dungeon, and saw 21 of its levels.
You also visited: Bailey.

You collected 2122 gold pieces.

Inventory:

Hand Weapons
 a - a +1 long sword of protection
 b - a +1 eveningstar of flaming (weapon)
 c - a +0 great sword
 h - a +2 dagger of venom
 k - a +1 antimagic rapier
 L - a +1 long sword of holy wrath
 S - a +0 scimitar
Missiles
 s - 9 javelins
 y - 7 poisoned darts
 z - 24 boomerangs (quivered)
 B - 5 atropa-tipped darts
 I - 2 silver javelins
 O - 9 curare-tipped darts
Armour
 m - a +1 helmet (worn)
 r - a +1 cloak (worn)
 A - the +2 pair of gloves of the Uplifting Gods (worn) {+Blink Will++ Int-2 Dex+8}
   (You acquired it in a bailey)

   Int:       It affects your intelligence (-2).
   Dex:       It affects your dexterity (+8).
   +Blink:    It lets you blink.
   Will:      It greatly increases your willpower.
 D - a +1 pair of boots (worn)
 G - a +1 plate armour of poison resistance
 H - a +1 chain mail of poison resistance (worn)
 T - a +0 kite shield (worn)
 Y - a +1 scale mail of fire resistance
Jewellery
 x - the ring of the Madman (left hand) {Str+5 SInv}
   (You found it on level 5 of the Dungeon)

   [ring of see invisible]

   Str:       It affects your strength (+5).
   SInv:      It lets you see invisible.
 R - a ring of protection from cold
 V - a ring of flight (right hand)
Wands
 F - a wand of flame (36)
 N - a wand of paralysis (9)
 U - a wand of mindburst (15)
Scrolls
 g - 2 scrolls of poison
 i - 4 scrolls of teleportation
 j - 5 scrolls of vulnerability
 o - a scroll of summoning {unknown}
 K - 3 scrolls of noise {unknown}
 P - a scroll of enchant weapon
 Q - 4 scrolls of amnesia
 X - a scroll of immolation
Potions
 d - a potion of mutation
 e - 2 potions of degeneration
 f - 4 potions of brilliance
 l - 3 potions of flight
 n - a potion of lignification
 p - 8 potions of curing
 q - 2 potions of heal wounds
 t - 4 potions of magic
 u - 2 potions of haste
 v - a potion of resistance
 w - 7 potions of ambrosia
 E - a potion of cancellation {unknown}
 W - a potion of attraction {unknown}


   Skills:
 - Level 12.0(17.0) Fighting
 - Level 14.0(19.0) Long Blades
 + Level 13.4(18.4) Throwing
 - Level 8.0(13.0) Armour
 - Level 12.0(17.0) Dodging
 - Level 4.0(9.0) Stealth
 - Level 8.0(13.0) Shields
 - Level 12.0 Invocations
 - Level 8.0 Evocations


You had 14 spell levels left.
You didn't know any spells.
Your spell library was empty.

Dungeon Overview and Level Annotations

Branches:
Dungeon (12/15) Zot: 2070  Temple (1/1) D:5 Zot: 488    Lair (5/5) D:11 Zot: 639
  Swamp (3/4) Lair:2 Zot: 1124   Snake (0/4) Lair:3        Slime (0/5) Lair:5
 Bailey (visited)
    Orc: D:9-12

Altars:
Ashenzari
Cheibriados
Dithmenos
Elyvilon
Fedhas
Gozag
Hepliaklqana
Kikubaaqudgha
Nemelex Xobeh
Okawaru
Qazlal
Ru
Sif Muna
Uskayaw
Vehumet
Wu Jian
Xom
Yredelemnul
Zin
The Shining One
Jiyva

Shops:
D:3 (

Annotations:
D:8 1 runed translucent door, ThereIsNoGod's ghost, novice OpFi
Lair:4 exclusion: oklob plant
Swamp:2 Nikola


Innate Abilities, Weirdness & Mutations

You passively map the area around you.
You are easily found by Zot.
You glow in the dark.
You regain HP and MP as you explore.


Message History

The eight-headed hydra barely misses you.
The eight-headed hydra bites you but does no damage. 4 foxfires come into view.
You bludgeon the eight-headed hydra!! You burn the eight-headed hydra.
You kill the eight-headed hydra!
Okawaru accepts your kill. The foxfire hits you! x2
* * * LOW HITPOINT WARNING * * *
The foxfire hits you!!
* * * LOW HITPOINT WARNING * * *
The foxfire hits you!
* * * LOW HITPOINT WARNING * * *
You block the will-o-the-wisp's attack.
You barely miss the will-o-the-wisp.
The will-o-the-wisp gestures.
The will-o-the-wisp conjures some foxfire!
You block the will-o-the-wisp's attack. 2 foxfires come into view.
Unknown command.
You closely miss the will-o-the-wisp.
The foxfire hits you but does no damage. x2
The will-o-the-wisp barely misses you.
Unknown command.
You bludgeon the will-o-the-wisp!!
The will-o-the-wisp is severely damaged.
You block the will-o-the-wisp's attack.
You barely miss the will-o-the-wisp.
The will-o-the-wisp is severely damaged.
You block the will-o-the-wisp's attack. x2
You closely miss the will-o-the-wisp.
The will-o-the-wisp is severely damaged.
The will-o-the-wisp gestures.
The will-o-the-wisp conjures some foxfire! 2 foxfires come into view.
You hit the will-o-the-wisp.
The will-o-the-wisp is severely damaged.
The foxfire hits you!
* * * LOW HITPOINT WARNING * * *
The foxfire hits you!!
You die...

~§.♣.~~.~♣♣♣♣♣......~~~♣~.~,,
§~.♣♣♣♣♣♣.~♣♣....~..~~.♣ , ...♣ ,
* ..♣~......♣~~.♣ ♣♣...... ♣♣♣♣
*.~~♣....♣§♣♣.§.♣ .......
~.§~~.~....♣♣♣♣♣♣ *♣~...~.
♣♣♣♣♣♣♣~~....~~~..~♣ ♣♣......
♣~...........~§~~♣♣♣ ♣♣.....~.
♣.~~~~~~~~~~~~§v§~♣♣♣♣♣♣♣≈≈≈≈≈≈≈≈
..~~~~~~.~~~~~~v@♣♣.~~.♣♣♣≈≈≈≈≈≈≈
..~~~~~...~~§~~†~♣♣~~~.~♣♣≈≈≈≈≈≈≈
~.~~~~~~~~.~~~§.~~...[.~♣≈≈~~~~~~
..~~~§~~~§~~~~~§~§...~~.♣≈≈≈~.~~.
~~~~~~..~~~~~~~......~~~..≈≈~...†
~~~.......~.....♣♣~♣~~~.♣≈≈~~..♣.
.~~~....~~~....♣♣♣♣.~~...♣≈~~~.♣♣
~.~.....~§~§...~♣♣..~§..~≈≈≈~§..♣
~....>♣~.~~~~.♣♣♣♣.....♣.≈≈~~..♣♣


You could see a will-o-the-wisp.

Vanquished Creatures
  A thorn hunter (Swamp:2)
  A bunyip (Swamp:2)
  A dire elephant (Lair:5)
  8 hydras
  A catoblepas (Lair:5)
  2 centaur warriors (D:11)
  3 alligators (Swamp:1)
  A boulder beetle (Lair:5)
  A deep troll shaman (Lair:5)
  3 two-headed ogres
  An orc high priest (Bailey)
  11 death yaks (Lair:5)
  Urug (D:11)
  A spriggan (Swamp:2)
  Lodul (D:11)
  2 goliath frogs
  Pikel (D:7)
  An ugly thing (D:12)
  16 elephants
  2 black mambas
  6 cane toads
  A torpor snail (Lair:5)
  A gargoyle (D:11)
  2 rime drakes
  3 komodo dragons
  A kobold demonologist (Bailey)
  A queen bee (D:9)
  A burning bush (Lair:2)
  3 trolls
  3 polar bears
  3 tyrant leeches (Swamp:1)
  Grinder (D:3)
  15 blink frogs
  A hornet (Swamp:2)
  3 wraiths
  2 wyverns
  22 yaks
  4 steam dragons
  8 vampire mosquitoes (D:11)
  Menkaure (D:4)
  6 swamp worms
  An acid dragon (D:12)
  4 nagas (Lair:3)
  8 water moccasins
  13 orc warriors
  4 ice beasts
  3 black bears
  2 swamp drakes
  18 wolves
  13 centaurs
  A phantom (D:5)
  9 ogres
  5 bullfrogs
  12 wights
  25 killer bees
  5 howler monkeys
  4 electric eels
  3 hounds
  4 jellies (Lair:5)
  An orc priest (D:10)
  Ijyb (D:5)
  A gnoll bouda (D:8)
  3 iguanas
  11 orc wizards
  7 gnolls
  8 adders
  A shadow imp (D:5)
  An ufetubus (D:5)
  A dart slug (D:4)
  25 orcs
  7 ball pythons
  4 endoplasms
  3 giant cockroaches
  18 goblins
  8 hobgoblins
  3 jackals
  2 quokkas
  2 bats (D:1)
  3 frilled lizards
  2 kobolds
  5 rats
398 creatures vanquished.

Vanquished Creatures (others)
  A goliath frog (Swamp:3)
  A tyrant leech (Swamp:2)
  A yak (Lair:2)
  A bush (Lair:2)
  7 foxfires (Swamp:2)
  29 fungi
  34 plants
  14 toadstools
88 creatures vanquished.

Grand Total: 486 creatures vanquished

Notes
Turn   | Place    | Note
-------+----------+-------------------------------------------
     0 | D:1      | tilp the Meteoran Fighter began the quest for the Orb.
     0 | D:1      | Reached XP level 1. HP: 19/19 MP: 2/2
   105 | D:1      | Reached XP level 2. HP: 25/26 MP: 3/3
   189 | D:1      | Reached skill level 1 in Dodging
   246 | D:1      | Reached XP level 3. HP: 26/31 MP: 4/4
   466 | D:3      | Found a blossoming altar of Fedhas.
   467 | D:3      | Found an opulent altar of Gozag.
   533 | D:2      | Reached XP level 4. HP: 38/38 MP: 5/5
   634 | D:3      | Found a faded altar of an unknown god.
   717 | D:3      | Found a shadowy altar of Dithmenos.
   733 | D:4      | Reached skill level 3 in Long Blades
   733 | D:4      | Reached skill level 1 in Stealth
   737 | D:4      | Reached XP level 5. HP: 33/46 MP: 6/6
   853 | D:3      | Noticed Grinder
   867 | D:3      | Paralysed by Grinder for 2 turns
   870 | D:3      | Killed Grinder
   871 | D:3      | Reached skill level 4 in Long Blades
   871 | D:3      | Reached XP level 6. HP: 34/52 MP: 7/7
   871 | D:3      | Reached XP level 7. HP: 38/59 MP: 8/8
   879 | D:3      | Found Lubiasiuts's Weapon Boutique.
   920 | D:4      | Noticed Menkaure
   927 | D:4      | Killed Menkaure
   928 | D:4      | Reached skill level 1 in Throwing
  1196 | D:4      | Found a sparkling altar of Nemelex Xobeh.
  1295 | D:5      | Entered Level 5 of the Dungeon
  1299 | D:5      | Noticed Ijyb
  1309 | D:5      | Killed Ijyb
  1671 | D:5      | Reached skill level 5 in Fighting
  1671 | D:5      | Reached XP level 8. HP: 51/68 MP: 9/9
  1740 | D:5      | Found a staircase to the Ecumenical Temple.
  1744 | D:5      | Identified the ring of the Madman {Str+5 SInv}
  1753 | Temple   | Entered the Ecumenical Temple
  1835 | Temple   | Became a worshipper of Warmaster Okawaru
  1914 | D:6      | Reached skill level 5 in Long Blades
  1914 | D:6      | Reached skill level 5 in Dodging
  1977 | D:6      | Reached skill level 5 in Armour
  2194 | D:7      | Noticed Pikel
  2208 | D:7      | Killed Pikel
  2208 | D:7      | Reached * piety under Okawaru
  2209 | D:7      | Gained mutation: You passively map the area around you.
                  | [Meteoran growth]
  2209 | D:7      | Reached XP level 9. HP: 78/78 MP: 9/11
  2248 | D:7      | Found a flagged portal.
  2280 | Bailey   | Entered a bailey
  2370 | Bailey   | Reached ** piety under Okawaru
  2545 | Bailey   | Reached XP level 10. HP: 72/86 MP: 11/14
  2553 | Bailey   | Reached skill level 6 in Long Blades
  2592 | Bailey   | Acquired the +2 pair of gloves of the Uplifting Gods
                  | {+Blink Will++ Int-2 Dex+8}
  2593 | Bailey   | Noticed a kobold demonologist
  2608 | Bailey   | Noticed a soul eater
  2609 | Bailey   | Killed a kobold demonologist
  2610 | Bailey   | Reached skill level 5 in Invocations
  2680 | Bailey   | Found an iron altar of Okawaru.
  2680 | Bailey   | Noticed an orc high priest
  2684 | Bailey   | Killed an orc high priest
  2684 | Bailey   | Reached *** piety under Okawaru
  2684 | Bailey   | Received a gift from Okawaru
  2769 | Bailey   | Reached skill level 8 in Long Blades
  2769 | Bailey   | Reached skill level 5 in Throwing
  2769 | Bailey   | Reached skill level 5 in Evocations
  2769 | Bailey   | Reached XP level 11. HP: 97/97 MP: 15/17
  2780 | Bailey   | Glimpsed the power of Zot.
  3084 | D:8      | Found a runed translucent door.
  3086 | D:8      | Found a shimmering altar of Xom.
  3086 | D:8      | Noticed ThereIsNoGod's ghost (novice OpFi)
  3087 | D:8      | Noticed a +2 dagger of chaos
  3164 | D:8      | Reached skill level 9 in Long Blades
  3619 | D:10     | Entered Level 10 of the Dungeon
  3721 | D:9      | Reached XP level 12. HP: 80/106 MP: 19/19
  3890 | D:9      | Reached skill level 10 in Fighting
  4055 | D:9      | Reached skill level 10 in Dodging
  4369 | D:10     | Reached skill level 10 in Long Blades
  4412 | D:11     | Noticed Urug
  4412 | D:11     | Noticed a centaur warrior
  4438 | D:10     | Noticed a two-headed ogre
  4452 | D:10     | Killed a two-headed ogre
  4453 | D:10     | Reached skill level 10 in Invocations
  4456 | D:10     | Reached **** piety under Okawaru
  5045 | D:11     | Killed a centaur warrior
  5109 | D:11     | Noticed a two-headed ogre
  5112 | D:11     | Noticed a two-headed ogre
  5118 | D:11     | Killed a two-headed ogre
  5129 | D:11     | Killed a two-headed ogre
  5130 | D:11     | Reached XP level 13. HP: 63/114 MP: 21/21
  5176 | D:11     | Reached ***** piety under Okawaru
  5184 | D:11     | Killed Urug
  5185 | D:11     | Reached skill level 5 in Shields
  5296 | D:12     | Reached skill level 11 in Long Blades
  5332 | D:11     | Noticed Lodul
  5385 | D:11     | Killed Lodul
  5398 | D:11     | Acquired 807 gold pieces
  5554 | D:11     | Found a staircase to the Lair.
  5643 | D:12     | Noticed a centaur warrior
  5644 | D:12     | Noticed a boulder beetle
  5676 | D:11     | Killed a centaur warrior
  5676 | D:11     | Received a gift from Okawaru
  5729 | Lair:1   | Entered Level 1 of the Lair of Beasts
  5796 | Lair:2   | Received a gift from Okawaru
  5888 | Lair:1   | Noticed a seven-headed hydra
  5992 | Lair:3   | Identified the +9 hand axe of Okawaru's Condemnation
                  | {speed, *Corrode rC++ Str-4 Dex+9} (Okawaru gifted it to
                  | you on level 3 of the Lair of Beasts)
  5992 | Lair:3   | Received a gift from Okawaru
  6044 | Lair:2   | Noticed a five-headed hydra
  6065 | Lair:2   | Killed a five-headed hydra
  6156 | Lair:2   | Noticed a five-headed hydra
  6178 | Lair:2   | Reached XP level 14. HP: 99/124 MP: 23/23
  6195 | Lair:2   | Reached skill level 12 in Long Blades
  6501 | Lair:2   | Received a gift from Okawaru
  6650 | Lair:2   | Found a staircase to the Swamp.
  6831 | Lair:3   | Found a staircase to the Snake Pit.
  7101 | Lair:5   | Entered Level 5 of the Lair of Beasts
  7371 | Lair:5   | Received a gift from Okawaru
  7372 | Lair:5   | Reached skill level 13 in Long Blades
  7562 | Lair:5   | Received a gift from Okawaru
  7629 | Lair:5   | Reached XP level 15. HP: 25/132 MP: 25/25
  7727 | Lair:5   | Received a gift from Okawaru
  7728 | Lair:5   | Reached skill level 14 in Long Blades
  7798 | Lair:5   | Found a viscous altar of Jiyva.
  7803 | Lair:5   | Found a staircase to the Slime Pits.
  7871 | Lair:5   | Received a gift from Okawaru
  7889 | Lair:5   | Reached skill level 10 in Throwing
  8056 | Lair:5   | Received a gift from Okawaru
  8252 | Swamp:1  | Entered Level 1 of the Swamp
  8404 | Swamp:1  | Received a gift from Okawaru
  8478 | Swamp:3  | Noticed Nikola
  8508 | Swamp:2  | Noticed a thorn hunter
  8508 | Swamp:2  | Noticed a ghoul
  8508 | Swamp:2  | Noticed a ghoul
  8529 | Swamp:2  | Killed a thorn hunter
  8648 | Swamp:2  | HP: 4/132 [Nikola/arc of chain lightning (17)]
  8843 | Swamp:1  | Received a gift from Okawaru
  8962 | Swamp:2  | HP: 3/132 [will-o-the-wisp/foxfire (12)]
  8962 | Swamp:2  | Killed from afar by a will-o-the-wisp

Illustrated notes

Levels and vault maps discovered:
D:1:      sevenhm_arrival_forest_fort_large_2, layout_basic
D:2:      layout_loops_corners, serial_shops, shop
D:3:      layout_basic, overflow_temple_1_default,
          chequers_temple_overflow_statue_of_worship,
          dilly_ecumenical_altar_fadedgnrine, serial_shops,
          nicolae_shop_bloodbath_and_beyond, uniq_grinder
D:4:      layout_rooms, nemelex_dance_club_becter, st_stairs_1,
          dk_noncrumbling_3, uniq_menkaure
D:5:      layout_rooms, makhleb_blood_cavern_becter, temple_hall, uniq_ijyb
D:6:      cheibrodos_steamvent, layout_layer_cave, trog_hazing_becter,
          serial_glass, glass_columns_b, glass_columns_c, glass_columns_c,
          glass_columns_a
D:7:      layout_rooms, enter_bailey_4, nicolae_sextant, uniq_pikel
D:8:      layout_loops_corners, ebering_ghost_xom
D:9:      layout_basic, minivault_7
D:10:     layout_loops_ring
D:11:     layout_irregular_city, hellmonk_lair_entry_icy,
          minmay_fractal_squares_gapless_5, uniq_lodul, uniq_urug
D:12:     layout_irregular_city, david_orc_2, pond
Temple:   nicolae_temple_elliptical
Lair:1:   gammafunk_lair_enchanted_lake, layout_long_grid, lemuel_fruit_tree
Lair:2:   layout_chaotic_city, palyth_hydra_swamp_entry,
          nicolae_quartered_pool_medium, evilmike_ambush
          [evilmike_ambush_outer_basic, evilmike_ambush_inner_cross]
Lair:3:   layout_concentric_octagons, minmay_snake_entry_guardpost_small,
          grunt_megastairs_1
Lair:4:   layout_regular_city, dpeg_oklob_1, grunt_megastairs_4
Lair:5:   grunt_lair_end_beastmaster, layout_loops_ring,
          nicolae_slime_entry_field_trip, grunt_megastairs_2
Swamp:1:  layout_basic_swamp, evilmike_swamp_ruin_house_1, swamp_pool1,
          water_boxes_lemuel
Swamp:2:  cheibrodos_swamp_tower_of_moss, layout_basic_swamp,
          nicolae_swamp_ascending_descending_big, swamp_pool4
Swamp:3:  layout_falls_marsh, hellmonk_ghost_happy_afterlife,
          evilmike_swamp_ruin_house_5, uniq_nikola

Skill      XL: |  1  2  3  4  5  6  7  8  9 10 11 12 13 14 15 |
---------------+----------------------------------------------+-----
Dodging        | 1 2 4 5 9 10 11 12 | 12.0
Shields        | 4 6 7 8 |  8.0
Long Blades    | 3 4 5 8 9 10 11 13 14 | 14.0
Armour         | 4 5 6 7 8 |  8.0
Stealth        | 1 2 3 4 |  4.0
Fighting       | 4 5 6 7 9 10 11 12 | 12.0
Throwing       | 1 3 4 5 6 7 9 13 | 13.4
Invocations    | 2 4 7 8 10 11 12 | 12.0
Evocations     | 2 3 5 6 7 8 |  8.0

Action                     |  1- 3 |  4- 6 |  7- 9 | 10-12 | 13-15 || total
---------------------------+-------+-------+-------+-------+-------++-------
  Melee: Long sword        |    82 |    50 |   312 |   535 |  1206 ||  2185
         Eveningstar       |       |       |       |       |    52 ||    52
  Throw: Stone             |       |       |     2 |       |       ||     2
         Boomerang         |       |       |     1 |     5 |    30 ||    36
         Dart              |       |       |       |       |     3 ||     3
         Javelin           |       |       |       |       |     1 ||     1
 Invoke: Heroism           |       |       |     4 |    14 |    26 ||    44
         Finesse           |       |       |       |       |     3 ||     3
  Evoke: Wand              |       |       |     7 |     4 |    11 ||    22
    Use: Potion            |       |     1 |       |     1 |     5 ||     7
         Scroll            |       |       |     9 |     6 |     8 ||    23
   Stab: Paralysed         |       |       |       |       |     4 ||     4
         Confused          |       |       |       |       |     2 ||     2
 Armour: Scale mail        |    56 |    29 |    28 |       |       ||   113
         Chain mail        |       |       |   175 |   237 |   604 ||  1016
         Plate armour      |       |       |       |    15 |       ||    15
  Dodge: Dodged            |    37 |    28 |   148 |   335 |   814 ||  1362
  Block: Buckler           |    30 |    17 |   107 |   201 |   260 ||   615
         Kite shield       |       |       |       |       |   474 ||   474

Table legend: (Time is in decaauts)
 A = Elapsed time spent in this place.
 B = Non-inter-level travel time spent in this place.
 C = Inter-level travel time spent in this place.
 D = Time resting spent in this place.
 E = Time spent auto-exploring this place.
 F = Levels seen in this place.
 G = Mean time per level.
                   A        B        C        D        E       F      G
               +--------+--------+--------+--------+--------+-----+--------+
         Total |   8776 |   7823 |    953 |      0 |      0 |  22 |  398.9 |
       Dungeon |   5129 |   4550 |    579 |      0 |      0 |  12 |  427.4 |
        Temple |    111 |     86 |     25 |      0 |      0 |   1 |  111.0 |
          Lair |   2360 |   2099 |    261 |      0 |      0 |   5 |  472.0 |
         Swamp |    674 |    587 |     87 |      0 |      0 |   3 |  224.7 |
        Bailey |    500 |    500 |      0 |      0 |      0 |   1 |  500.0 |
               +--------+--------+--------+--------+--------+-----+--------+

Top non-repeatable levels by time:
  Lair:5: 929 daAuts
  Lair:2: 804 daAuts
    D:11: 800 daAuts
     D:8: 683 daAuts
    D:10: 637 daAuts
     D:9: 589 daAuts
     D:3: 588 daAuts
  Bailey: 500 daAuts
     D:4: 410 daAuts
 Swamp:1: 398 daAuts
     D:5: 350 daAuts
     D:1: 349 daAuts
  Lair:4: 321 daAuts
     D:7: 318 daAuts
 Swamp:2: 259 daAuts
